 Dungeon Crawl Stone Soup version 0.22-a0-603-gfc1114d (webtiles) character file.

120 sking99 the Insei (level 4, -8/37 HPs)
             Began as a Draconian Transmuter on July 7, 2018.
             Mangled by a gnoll
             ... wielding a +0 halberd
              (12 damage)
             ... on level 3 of the Dungeon.
             The game lasted 00:04:31 (3123 turns).

sking99 the Insei (Draconian Transmuter)            Turns: 3123, Time: 00:04:31

Health: -8/37      AC:  5    Str: 12    XL:     4   Next: 75%
Magic:  7/7        EV: 12    Int: 14    God:
Gold:   134        SH:  0    Dex: 12    Spells: 4/7 levels left

rFire    . . .     SeeInvis .     - Unarmed
rCold    . . .     Gourm    .   (no shield)
rNeg     . . .     Faith    .   (armour unavailable)
rPois    .         Spirit   .   (helmet restricted)
rElec    .         Reflect  .   (no cloak)
rCorr    .         Harm     .   (no gloves)
MR       .....                  (boots currently unavailable)
Stlth    +.........             (no amulet)
HPRegen  0.12/turn              (no ring)
MPRegen  0.10/turn              (no ring)

@: appendage (expiring)
A: unfitting armour, talons 3, cold-blooded, AC +5
a: End Transformation


You were on level 3 of the Dungeon.
You were not hungry.
You had grown temporary talons.
You visited 1 branch of the dungeon, and saw 3 of its levels.

You collected 134 gold pieces.

Inventory:

Missiles
 a - 64 arrows (quivered)
Jewellery
 i - an uncursed amulet of regeneration {unknown}
 p - a +5 ring of intelligence {unknown}
Scrolls
 d - 3 scrolls of identify {unknown}
 f - a scroll of enchant weapon {unknown}
 g - a scroll of fog {unknown}
 l - a scroll of magic mapping {unknown}
 n - 3 scrolls of teleportation {unknown}
 q - 2 scrolls of remove curse {unknown}
Potions
 b - a potion of lignification {unknown}
 e - a potion of cancellation {unknown}
 h - a potion of brilliance {unknown}
 j - 4 potions of curing {unknown}
 k - a potion of magic {unknown}
 m - a potion of berserk rage {unknown}
Comestibles
 c - 6 rations
 o - 3 chunks of flesh


   Skills:
 + Level 2.7 Fighting
 - Level 1.7 Dodging
 * Level 4.6 Unarmed Combat
 - Level 2.0 Spellcasting
 + Level 2.6 Transmutations


You had 4 spell levels left.
You knew the following spells:

 Your Spells              Type           Power        Failure   Level  Hunger
a - Beastly Appendage     Tmut           #.....       9%          1    ##.....
b - Sticks to Snakes      Tmut           #.......     12%         2    ###....

Your spell library contained the following spells:

 Spells                   Type           Power        Failure   Level  Hunger
 Spider Form              Tmut/Pois      #.........   38%         3    ####...
 Blade Hands              Tmut           #.........   92%         5    ######.
 Ice Form                 Ice/Tmut       #.......     80%         4    #####..


Dungeon Overview and Level Annotations

Branches:
Dungeon (3/15)

Altars:
The Shining One


Innate Abilities, Weirdness & Mutations

Your plain brown scales are hard. (AC +5)
You cannot fit into any form of body armour.
You are cold-blooded and may be slowed by cold attacks.
You have claws for feet.


Message History

The gnoll is severely wounded.
The gnoll hits you but does no damage.
The gnoll hits you from afar with a halberd!
You closely miss the gnoll. You claw the gnoll.
The gnoll is almost dead.
Your transformation is almost over.
The gnoll closely misses you.
You hit the gnoll.
You kill the gnoll!
The gnoll hits you from afar with a halberd!
The gnoll closely misses you.
You see here a club.
You hit the gnoll. You claw the gnoll.
Your tail-slap misses the gnoll.
The gnoll is moderately wounded.
The gnoll hits you with a halberd!
* * * LOW HITPOINT WARNING * * *
You closely miss the gnoll. You tail-slap the gnoll.
The gnoll is heavily wounded.
The gnoll hits you with a halberd!
You die...

..........
.......#.#######....
.......... ......#.#
##'## รท.########
.......#+##### #.#
..#
.............####.#
###
####'#.......'....#
# #.#.......###..# #
#.........# #..# #
##########.#####.#
#..# .
...Kggg@.......#.#
#..# #
###########.##.#.#
#..# ########### ...
#.# #... ..........#
.####.# ##.#
#########.######. .#
#..
.............[... .#
## #########.######.
## #.# #.#


You could see 3 gnolls and a kobold.

Vanquished Creatures
  A gnoll (D:3)
  3 adders
  An ooze (D:3)
  A worm (D:3)
  A dart slug (D:1)
  2 leopard geckos (D:1)
  2 orcs (D:3)
  9 goblins
  5 hobgoblins
  2 quokkas (D:2)
  7 bats
  4 frilled lizards
  6 kobolds
  2 rats
46 creatures vanquished.

Vanquished Creatures (collateral kills)
  4 adders
4 creatures vanquished.

Grand Total: 50 creatures vanquished

Notes
Turn   | Place    | Note
-------+----------+-------------------------------------------
     0 | D:1      | sking99 the Draconian Transmuter began the quest for the Orb.
     0 | D:1      | Reached XP level 1. HP: 16/16 MP: 3/3
   444 | D:1      | Reached XP level 2. HP: 18/23 MP: 5/5
  1204 | D:2      | Reached XP level 3. HP: 25/29 MP: 6/6
  1212 | D:2      | Learned a level 2 spell: Sticks to Snakes
  1787 | D:2      | Reached skill level 4 in Unarmed Combat
  2243 | D:3      | Reached XP level 4. HP: 30/37 MP: 4/7
  2624 | D:3      | Found a glowing golden altar of the Shining One.
  3123 | D:3      | Mangled by a gnoll

Vault maps used:
D:1:      dpeg_arrival_tiny_i
D:3:      tso_metal_star, first_ration

Skill      XL: |  1  2  3 |
---------------+----------+-----
Fighting       | 2 |  2.7
Unarmed Combat | 4 |  4.6
Dodging        | |  1.7
Spellcasting   | |  2.0
Transmutations | |  2.6

Action                   |  1- 3 |  4- 6 || total
-------------------------+-------+-------++-------
Melee: Unarmed           |   162 |    65 ||   227
       Tailslap          |     9 |     8 ||    17
       Kick              |       |     6 ||     6
 Cast: Sticks to Snakes  |     3 |     1 ||     4
       Beastly Appendage |       |     2 ||     2
 Stab: Sleeping          |     1 |       ||     1
  Eat: Chunk             |     4 |     4 ||     8
Armor: Skin              |    42 |    15 ||    57
Dodge: Dodged            |   100 |    44 ||   144

Table legend:
 A = Spawn XP
 B = Non-spawn XP
 C = Spawn XP percentage of total XP
 D = Spawn monster count
 E = Non-spawn monster count
 F = Spawn count percentage of total count
 G = Total turns spent on level
                    A         B        C        D         E        F      G
               +---------+---------+-------+---------+---------+-------+---------
         Total |       0 |     172 |   0.0 |       0 |      50 |   0.0 |  3123
               +---------+---------+-------+---------+---------+-------+---------
           D:1 |       0 |      30 |   0.0 |       0 |      16 |   0.0 |   712
           D:2 |       0 |      40 |   0.0 |       0 |      13 |   0.0 |  1355
           D:3 |       0 |     102 |   0.0 |       0 |      21 |   0.0 |  1056
               +---------+---------+-------+---------+---------+-------+---------
